 Dungeon Crawl Stone Soup version 0.24-a0-347-g1a3e1d35ff (webtiles) character file.

Game seed: 15783233776473251826

431 Inarius the Chiller (level 6, -3/35 HPs)
             Began as a Deep Elf Ice Elementalist on May 22, 2019.
             Was an Initiate of Vehumet.
             Slain by a phantom (8 damage)
             ... on level 4 of the Dungeon.
             The game lasted 00:13:15 (4694 turns).

Inarius the Chiller (Deep Elf Ice Elementalist)     Turns: 4694, Time: 00:13:16

Health: -3/35      AC:  2    Str:  5    XL:     6   Next: 66%
Magic:  2/16       EV: 12    Int: 22    God:    Vehumet [......]
Gold:   170        SH:  5    Dex: 15    Spells: 5/16 levels left

rFire    . . .     SeeInvis .   g - -1 spear
rCold    . . .     Gourm    .   s - +2 buckler
rNeg     . . .     Faith    .   a - +0 robe
rPois    .         Spirit   .   (no helmet)
rElec    .         Reflect  .   (no cloak)
rCorr    .         Harm     .   (no gloves)
MR       .....                  (no boots)
Stlth    ++........             (no amulet)
HPRegen  0.11/turn              (no ring)
MPRegen  0.15/turn              (no ring)

@: very slightly contaminated, invisible
A: no striking features
a: Renounce Religion


You were on level 4 of the Dungeon.
You worshipped Vehumet.
Vehumet was noncommittal.
You were not hungry.

You visited 2 branches of the dungeon, and saw 5 of its levels.
You also visited: Sewer.

You collected 170 gold pieces.

Inventory:

Hand Weapons
 g - a -1 spear (weapon)
 h - a +1 dagger of speed
 q - a +2 vampiric short sword
Armour
 a - a +0 robe (worn)
 s - a +2 buckler (worn)
Scrolls
 b - a scroll of fog {unknown}
 f - 3 scrolls of teleportation
 i - a scroll of remove curse
 j - 3 scrolls of enchant armour
 o - a scroll of enchant weapon {unknown}
 p - a scroll of fear {unknown}
 r - a scroll of magic mapping {unknown}
Potions
 d - a potion of cancellation
 k - 2 potions of brilliance
 m - a potion of resistance
 n - a potion of agility {unknown}
Comestibles
 c - 10 rations
 l - 4 chunks of flesh


   Skills:
 * Level 1.7 Fighting
 + Level 2.9 Dodging
 - Level 2.4 Stealth
 + Level 0.1 Unarmed Combat
 + Level 5.8 Spellcasting
 * Level 2.4 Conjurations
 * Level 6.0 Ice Magic


You had 5 spell levels left.
You knew the following spells:

 Your Spells              Type           Power        Failure   Level  Hunger
a - Freeze                Ice            ####         1%          1    None
b - Throw Frost           Conj/Ice       ###...       4%          2    None
c - Throw Icicle          Conj/Ice       ###.....     26%         4    ####...
d - Summon Ice Beast      Ice/Summ       ###.....     41%         4    ####...

Your spell library contained the following spells:

 Spells                   Type           Power        Failure   Level  Hunger
 Ozocubu's Armour         Chrm/Ice       ###.....     14%         3    ##.....


Dungeon Overview and Level Annotations

Branches:
Dungeon (4/15)             Temple (1/1) D:4

Altars:
Ashenzari
Hepliaklqana
Makhleb
Nemelex Xobeh
Qazlal
Ru
Uskayaw
Vehumet
Wu Jian
Xom
The Shining One


Message History

You barely miss the phantom.
The phantom is almost destroyed.
The phantom barely misses you.
You hit the phantom.
The phantom is almost destroyed.
The phantom blinks!
You closely miss the phantom.
The phantom is almost destroyed.
The phantom blinks!
You hit the phantom.
The phantom is almost destroyed.
The phantom barely misses you.
You hit the phantom.
The phantom is almost destroyed.
The phantom hits you.
* * * LOW HITPOINT WARNING * * *
It was a potion of invisibility.
You fade into invisibility!
The phantom hits you!
You die...

#######################
#..÷..(÷..............# .
#.##..@...###########.# .. #.
#.W....# #.# ... ######. #......#
########.# ...###...##. #......#
#.....##.# .........##.
+......####.....'... .........###
#).....(........#...
...s.....#####.......###.##'##...
...###)#....##.......#.#.##.##...
.. #.#<##.##.........#.##.###..


You could see a phantom.

Vanquished Creatures
  Purgy (Sewer)
  A scorpion (D:4)
  A hound (D:4)
  An orc priest (D:4)
  7 adders
  3 river rats (D:3)
  2 oozes (D:2)
  4 worms
  6 dart slugs
  A leopard gecko (D:1)
  8 orcs
  A ball python (D:4)
  6 bats
  5 giant cockroaches
  7 hobgoblins
  8 jackals
  10 kobolds
  3 quokkas
  7 frilled lizards
  8 goblins
  15 rats
105 creatures vanquished.

Notes
Turn   | Place    | Note
-------+----------+-------------------------------------------
     0 | D:1      | Inarius the Deep Elf Ice Elementalist began the quest for
                  | the Orb.
     0 | D:1      | Reached XP level 1. HP: 10/10 MP: 6/6
   238 | D:1      | Reached XP level 2. HP: 15/15 MP: 0/8
   612 | D:1      | Learned a level 2 spell: Throw Frost
   626 | D:1      | Reached skill level 4 in Ice Magic
   856 | D:1      | Reached XP level 3. HP: 19/20 MP: 2/9
  1382 | D:1      | Found a hazy altar of Hepliaklqana.
  1715 | D:2      | Reached XP level 4. HP: 15/24 MP: 6/12
  2011 | D:2      | Learned a level 4 spell: Throw Icicle
  2016 | D:2      | Learned a level 4 spell: Summon Ice Beast
  2137 | D:2      | Reached skill level 1 in Fighting
  2674 | D:3      | Reached XP level 5. HP: 20/29 MP: 4/14
  2746 | D:3      | Found a glowing drain.
  2754 | Sewer    | Entered a sewer
  2761 | Sewer    | Reached skill level 5 in Ice Magic
  2863 | Sewer    | Noticed Purgy
  2871 | Sewer    | Killed Purgy
  2871 | Sewer    | Reached skill level 5 in Spellcasting
  2871 | Sewer    | Reached XP level 6. HP: 20/34 MP: 3/15
  3832 | D:4      | Found a staircase to the Ecumenical Temple.
  3851 | Temple   | Entered the Ecumenical Temple
  3890 | Temple   | Became a worshipper of Vehumet
  3993 | D:4      | HP: 1/35 [centaur skeleton (8)]
  4009 | D:4      | HP: 1/35 [jackal (3)]
  4362 | D:4      | Reached skill level 6 in Ice Magic
  4694 | D:4      | Slain by a phantom

Levels and vault maps discovered:
D:1:      dpeg_arrival_water_altar, layout_basic, minmay_misc_feat_alley
D:2:      layout_basic
D:3:      layout_loops_ring, first_ration, lightli_sewer_entry_pipes
D:4:      layout_basic, minmay_temple_entry_arrows
Temple:   eino_temple_rhombus

Skill      XL: |  1  2  3  4  5  6 |
---------------+-------------------+-----
Ice Magic      | 4 5 6 |  6.0
Spellcasting   | 4 5 |  5.8
Fighting       | 1 |  1.7
Conjurations   | 2 |  2.4
Dodging        | |  2.9
Stealth        | |  2.4
Unarmed Combat | |  0.1

Action                   |  1- 3 |  4- 6 || total
-------------------------+-------+-------++-------
Melee: Unarmed           |     4 |       ||     4
       Spear             |    21 |    92 ||   113
 Cast: Freeze            |    46 |    68 ||   114
       Throw Frost       |    17 |    47 ||    64
       Throw Icicle      |       |     4 ||     4
       Summon Ice Beast  |       |     1 ||     1
  Use: Scroll            |     1 |     4 ||     5
       Potion            |       |     6 ||     6
 Stab: Sleeping          |     3 |     6 ||     9
  Eat: Chunk             |     3 |    10 ||    13
Armor: Robe              |     3 |    18 ||    21
Dodge: Dodged            |    36 |    77 ||   113
Block: Buckler           |       |    25 ||    25

Table legend:
 A = Non-vault XP
 B = Vault XP
 C = Vault XP percentage of total XP
 D = Non-vault monster count
 E = Vault monster count
 F = Vault count percentage of total count
                 A         B        C        D         E       F
            +---------+---------+-------+---------+---------+-------
      Total |     378 |     238 |  38.6 |      87 |      18 |  17.1
            +---------+---------+-------+---------+---------+-------
        D:1 |      58 |       0 |   0.0 |      29 |       0 |   0.0
        D:2 |      82 |       0 |   0.0 |      24 |       0 |   0.0
        D:3 |      46 |     102 |  68.9 |      17 |      12 |  41.4
        D:4 |     192 |       0 |   0.0 |      17 |       0 |   0.0
      Sewer |       0 |     136 | 100.0 |       0 |       6 | 100.0
            +---------+---------+-------+---------+---------+-------
